General information
- name: BNet
- type: Ladder team game (AT/RT)
- host: Battle.net
- saver: TeutonicTauren
map: Wetlands
- players: 4
- length: 05:23
- speed: Fast
- version: 1.23 W3XP
- replay type: Public
» download(34 KB)
Players
team 1 (loser)

»
CeLp-TaK[u]LLa (
pink | 168 APM | 895 actions | 05:20)
1 Far Seer
1 Feral Spirit
» actions
| Assign group hotkey | 13 | |
| Basic commands | 47 | |
| Build / train | 47 | |
| Enter build submenu | 9 | |
| Enter hero's abilities submenu | 1 | |
| Right click | 341 | |
| Select / deselect | 88 | |
| Select group hotkey | 316 | |
| Use ability | 33 | |
895 total
» units
» buildings
| Altar of Storms | 1 | |
| Orc Burrow | 4 | |
| Barracks | 1 | |
| Voodoo Lounge | 1 | |
| Stronghold | 7 | |
14 total
» build order
00:08 Altar of Storms
00:19 Orc Burrow
00:36 Barracks
01:35 Orc Burrow
01:50 Voodoo Lounge
02:47 Orc Burrow
03:29 Orc Burrow
03:35 Stronghold
03:36 Stronghold
03:36 Stronghold
03:37 Stronghold
» items
| Healing Salve | 1 | |
| Lesser Clarity Potion | 1 | |
| Scroll of Speed | 1 | |
3 total
LaviGne[GGL] (
blue | 117 APM | 619 actions | 05:17)
2 Archmage
1 Summon Water Elemental
1 Brilliance Aura
» actions
| Assign group hotkey | 20 | |
| Basic commands | 23 | |
| Build / train | 43 | |
| Enter build submenu | 10 | |
| Enter hero's abilities submenu | 2 | |
| Right click | 190 | |
| Select / deselect | 84 | |
| Select group hotkey | 222 | |
| Use ability | 25 | |
619 total
» units
» buildings
| Farm | 3 | |
| Altar of Kings | 1 | |
| Barracks | 1 | |
| Town Hall | 1 | |
| Scout Tower | 2 | |
| Lumber Mill | 1 | |
| Arcane Vault | 1 | |
| Guard Tower | 3 | |
13 total
» build order
00:05 Farm
00:07 Altar of Kings
00:18 Barracks
00:47 Farm
01:48 Farm
02:56 Town Hall
03:01 Scout Tower
03:16 Lumber Mill
03:28 Arcane Vault
04:05 Guard Tower
04:05 Guard Tower
04:05 Guard Tower
04:58 Scout Tower
team 2 (winner)
TeutonicTauren (
yellow | 121 APM | 654 actions | 05:23)
2 Blademaster
1 Wind Walk
1 Critical Strike
» actions
| Assign group hotkey | 6 | |
| Build / train | 30 | |
| Enter build submenu | 5 | |
| Enter hero's abilities submenu | 2 | |
| Right click | 328 | |
| Select / deselect | 50 | |
| Select group hotkey | 218 | |
| Use ability | 15 | |
654 total
» units
» buildings
| Altar of Storms | 1 | |
| Orc Burrow | 2 | |
| Barracks | 1 | |
| Voodoo Lounge | 1 | |
| Stronghold | 3 | |
8 total
» build order
00:05 Altar of Storms
00:08 Orc Burrow
00:36 Barracks
01:27 Voodoo Lounge
01:50 Orc Burrow
03:51 Stronghold
03:51 Stronghold
03:52 Stronghold
» items
| Circlet of Nobility | 1 | |
| Healing Salve | 1 | |
| Lesser Clarity Potion | 1 | |
| Boots of Speed | 1 | |
4 total
Joho.Nom (
green | 128 APM | 683 actions | 05:20)
3 Death Knight
2 Death Coil
1 Unholy Aura
» actions
| Assign group hotkey | 25 | |
| Build / train | 38 | |
| ESC pressed | 1 | |
| Enter build submenu | 11 | |
| Enter hero's abilities submenu | 3 | |
| Right click | 365 | |
| Select / deselect | 115 | |
| Select group hotkey | 99 | |
| Use ability | 26 | |
683 total
» units
| Acolyte | 5 | |
| Ghoul | 4 | |
| Crypt Fiend | 12 | |
21 total
» upgrades
» buildings
| Crypt | 2 | |
| Graveyard | 1 | |
| Altar of Darkness | 1 | |
| Ziggurat | 3 | |
| Tomb of Relics | 1 | |
| Halls of the Dead | 3 | |
11 total
» build order
00:04 Crypt
00:08 Crypt
00:11 Graveyard
00:30 Altar of Darkness
00:46 Ziggurat
01:12 Tomb of Relics
01:50 Ziggurat
03:47 Halls of the Dead
03:47 Halls of the Dead
03:48 Halls of the Dead
04:08 Ziggurat
» items
| Rod of Necromancy | 4 | |
| Dust of Appearance | 2 | |
6 total
Chat log
(00:16 / Allies) TeutonicTauren: bm sh walkers raiders 1 kod right?
(00:20 / Allies) Joho.Nom: sure
(00:23 / Allies) Joho.Nom: i got feind/statue destro
(00:26 / Allies) Joho.Nom: i was expecting you to bs
(00:30 / Allies) TeutonicTauren: naw
(00:30 / Allies) Joho.Nom: lol
(00:55 / Allies) TeutonicTauren: me playing in 2s with intent to win is a bs
(01:03 / Allies) Joho.Nom: lol
(02:05 / Allies) Joho.Nom: share up nikka
(04:05 / Allies) Joho.Nom: ??
(04:09 / Allies) TeutonicTauren: fast expand?
(05:11 / All) CeLp-TaK[u]LLa: not
(05:14 / All) Joho.Nom: lol
(05:17 / All) LaviGne[GGL]: gg wp